cohdb
Replays
Latest Replays
All Replays
Popular Replays
Top Player Replays
Match Explorer
How It Works
Community
CoH3 Stats
Reddit
Sign in to upload your games and track your stats! →
Sign in with Steam
Top Notch Game!
Match 19312228
Overview
Messages
Build Orders
End
Panzergrenadier Squad
Selects Italian Infantry
Panzergrenadier Squad
250 Light Carrier
Construct Light Support Kompanie
Selects Guastatori Squad
Guastatori Squad
Fire Support Elements
Panzerjäger Mechanized Group
Selects Registered Artillery
Guastatori Squad
Selects Defensive Operations
Veteran Squad Leaders
Registered Artillery
Construct Panzerarmee Kommand
Registered Artillery
Panzer III L Medium Tank
Selects Prepared Positions
Selects Obice 305mm Barrage
Panzer III L Medium Tank
Registered Artillery
Pak 38 Mechanized Group
Guastatori Squad
Panzer III L Medium Tank
Selects Towed Cannone da 105/28 Field Howitzer
Registered Artillery
2.5-tonne Medical Truck
Registered Artillery
MG34 Team
Pak 38 Mechanized Group
Obice 305mm Barrage
Obice 305mm Barrage
Armored Reserves
Registered Artillery
Obice 305mm Barrage
Tiger Heavy Tank
Registered Artillery
Panzer IV Assault Group
Obice 305mm Barrage
AI Takeover
Ghost
ashilrye
aSIIAnthrax
aSIISpanky
0
0
Comments
sign in to comment!
No comments posted yet!